 Dungeon Crawl Stone Soup version 0.30-a0-250-g41c1d76940 (webtiles) character file.

Game seed: 3519788122619445817

21627 ytrimaz the Trollish Aeon (level 12, -11/126 HPs)
             Began as a Troll Transmuter on Oct 12, 2022.
             Was the Champion of Cheibriados.
             Mangled by Rupert
             ... wielding a +7 battleaxe of flaming
              (38 damage)
             ... on level 12 of the Dungeon.
             The game lasted 00:16:50 (10957 turns).

ytrimaz the Trollish Aeon (Troll Transmuter)       Turns: 10957, Time: 00:16:51

Health: -11/126    AC:  9    Str: 35 (36) XL:     12   Next: 55%
Magic:  19/20      EV: 20    Int: 26 (28) God:    Cheibriados [******]
Gold:   1339       SH:  0    Dex: 22 (25) Spells: 10/13 levels left

rFire   . . .      SeeInvis .      - Unarmed
rCold   . . .      Faith    +    (no shield)
rNeg    . . .      Spirit   .    I - +3 troll leather armour {Snorg}
rPois   .          Reflect  .    s - +0 hat
rElec   .          Harm     .    (no cloak)
rCorr   .          Rampage  .    (gloves unavailable)
Will    .....                    (boots unavailable)
Stlth   ++........               d - amulet of faith
HPRegen 2.01/turn                w - +4 ring of evasion
MPRegen 0.17/turn                D - +4 ring of evasion

@: very slow
A: large, unfitting armour, claws 3, regeneration 1, shaggy fur 1, tough skin 1
a: Renounce Religion, Bend Time, Temporal Distortion, Slouch, Step From Time


You were on level 12 of the Dungeon.
You worshipped Cheibriados.
Cheibriados was exalted by your worship.
You visited 2 branches of the dungeon, and saw 13 of its levels.
You also visited: Sewer.

You collected 1339 gold pieces.


Innate Abilities, Weirdness & Mutations

You are too large for most types of armour.
You have claws for hands.
Your natural rate of healing is unusually fast.
You are covered in fur. (AC +1)
You have tough skin. (AC +1)


   Skills:
 - Level 10.0 Fighting
 + Level 4.5 Dodging
 - Level 10.0 Unarmed Combat
 - Level 1.2 Spellcasting
 - Level 1.3 Transmutations
 - Level 13.0 Invocations


You had 10 spell levels left.
You knew the following spells:

 Your Spells              Type           Power      Damage    Failure   Level
a - Beastly Appendage     Tmut           16%        N/A       7%          1
b - Wereblood             Tmut           8%         N/A       11%         2

Your spell library contained the following spells:

 Spells                   Type           Power      Damage    Failure   Level
 Sting                    Tmut/Pois      20%        1d4       10%         1
 Freeze                   Ice            4%         1d3       13%         1
 Kiss of Death            Conj/Necr      4%         2d5       13%         1
 Magic Dart               Conj           4%         1d3       13%         1
 Poisonous Vapours        Pois/Air       2%         N/A       19%         2
 Searing Ray              Conj           2%         2d4       19%         2
 Spider Form              Tmut/Pois      5%         N/A       28%         3
 Confusing Touch          Hex            1%         N/A       36%         3
 Frozen Ramparts          Ice            2%         1d1       36%         3
 Hailstorm                Conj/Ice       1%         3d3       36%         3
 Inner Flame              Hex/Fire       1%         N/A       36%         3
 Ice Form                 Ice/Tmut       5%         N/A       67%         4
 Cause Fear               Hex            0%         N/A       77%         4
 Dispel Undead            Necr           1%         3d6       77%         4
 Fulminant Prism          Conj/Hex       0%         3d6       77%         4
 Olgreb's Toxic Radiance  Pois           1%         N/A       77%         4
 Discord                  Hex            0%         N/A       100%        8

Inventory:

Missiles
 B - 4 throwing nets
Armour
 a - a +0 robe
 s - a +0 hat (worn)
   (You found it on level 4 of the Dungeon)
 x - +0 acid dragon scales
   (You found it on level 8 of the Dungeon)
 I - a +3 troll leather armour (worn) {Snorg}
   (You found it on level 11 of the Dungeon)
Jewellery
 d - an amulet of faith (around neck)
   (You acquired it on level 4 of the Dungeon)
 e - a ring of see invisible
   (You found it on level 1 of the Dungeon)
 k - a ring of poison resistance
   (You found it on level 2 of the Dungeon)
 u - an amulet of guardian spirit
   (You took it off a gnoll on level 5 of the Dungeon)
 w - a +4 ring of evasion (left claw)
   (You found it on level 5 of the Dungeon)
 C - a +6 ring of strength
   (You found it on level 6 of the Dungeon)
 D - a +4 ring of evasion (right claw)
   (You found it on level 9 of the Dungeon)
 L - a +6 ring of strength
   (You found it on level 11 of the Dungeon)
Wands
 q - a wand of light (11)
   (You took it off an orc on level 5 of the Dungeon)
 y - a wand of iceblast (23)
   (You found it on level 8 of the Dungeon)
 O - a wand of digging (6)
   (You found it on level 12 of the Dungeon)
Scrolls
 c - 3 scrolls of vulnerability
 f - 3 scrolls of magic mapping
 h - 4 scrolls of fear
 p - 6 scrolls of teleportation
 r - a scroll of brand weapon
 t - 3 scrolls of immolation
 z - 4 scrolls of enchant armour
 F - 3 scrolls of poison
 N - 2 scrolls of identify
Potions
 b - 2 potions of lignification
 g - a potion of heal wounds
 i - 10 potions of curing
 j - a potion of cancellation
 m - a potion of degeneration
 n - 5 potions of flight
 o - 2 potions of invisibility {unknown}
 v - 4 potions of haste {unknown}
 A - a potion of might {unknown}
 E - a potion of attraction {unknown}
 G - a potion of berserk rage {unknown}
 H - 2 potions of ambrosia {unknown}
 J - a potion of mutation {unknown}
 K - a potion of magic {unknown}

Dungeon Overview and Level Annotations

Branches:
Dungeon (12/15) Zot: 40007  Temple (1/1) D:4 Zot: 8655    Lair (0/5) D:11
    Orc (0/2) D:12          Sewer (visited)

Altars:
Ashenzari
Cheibriados
Dithmenos
Elyvilon
Fedhas
Gozag
Hepliaklqana
Kikubaaqudgha
Makhleb
Nemelex Xobeh
Okawaru
Qazlal
Ru
Sif Muna
Trog
Uskayaw
Vehumet
Wu Jian
Xom
Yredelemnul
Zin
The Shining One

Shops:
D:7 [

Annotations:
D:6 3 runed translucent doors, porpoise's ghost, novice OpEn
D:9 3 runed translucent doors, IdlyInterested's ghost, novice AtBr
D:11 exclusions: oklob plant and oklob sapling
D:12 Rupert

#..#..# ......##
#......#.
#........ #......#
#......#. #.#
#@....... #.# #
#@# # #.#
#.######.#..#
####.#
#...........#
#.##.#
#######.###+#..#
#.##.# #8...8#.#
.....###.##.######
#....)#.#
..................
#..>.)))#
.........###......
#.....#)#
...#+##'####......
#8...8#.#
.................#


You could see Rupert (berserk).


Message History

Unknown command.
You miscast Beastly Appendage.
You are very lightly contaminated with residual magic.
Nothing appears to happen.
Rupert hits you with a +7 battleaxe of flaming!!
Rupert burns you. 😕 HP[-22] MP[-1]
You take 22 damage, and now have 104/126 hp.
You lost 1 mp, and now have 19/20 mp.
Unknown command.
Casting: Beastly Appendage (safe; 6% risk of failure)
Confirm with . or Enter, or press ? or * to list all spells.
You grow a pair of large bovine horns.
Your feet morph into talons.
Your +0 hat melds into your body.
Rupert hits you with a +7 battleaxe of flaming!
Rupert burns you!
Rupert closely misses you. 😮 HP[-23] MP[-1]
You take 23 damage, and now have 81/126 hp.
You lost 1 mp, and now have 18/20 mp.
Unknown command.
Really quaff the potion of lignification?
Your horns disappear.
Your talons disappear.
Your +0 hat unmelds from your body.
You turn into a tree.
Your +0 hat melds into your body.
Your +3 troll leather armour {Snorg} melds into your body.
Your roots penetrate the ground.
Rupert hits you but does no damage. 😮 HP[+42]
You now have 189 max hp (+63).
You regained 42 hp, and now have 123/189 hp.
Unknown command.
It was a potion of brilliance.
You feel clever all of a sudden.
Rupert hits you with a +7 battleaxe of flaming!!
Rupert burns you!
* * * LOW HITPOINT WARNING * * *
Rupert hits you with a +7 battleaxe of flaming!
* * * LOW HITPOINT WARNING * * *
Rupert burns you!
* * * LOW HITPOINT WARNING * * *
😨 HP[-60]
You take 60 damage, and now have 63/189 hp.
MASSIVE DAMAGE!! (PAUSE) Unknown command.
It was a potion of degeneration.
There was something very wrong with that liquid.
You feel weakened.
You feel dopey.
You feel clumsy.
Rupert completely misses you. 😨 HP[+1] It was a potion of cancellation.
Your magical effects are unravelling.
You feel magically purged.
Your magical contamination has completely faded away.
You feel less wooden.
Your +0 hat unmelds from your body.
Your +3 troll leather armour {Snorg} unmelds from your body.
You feel a little less clever now. Rupert hits you but does no damage.
Rupert hits you with a +7 battleaxe of flaming!!
* * * LOW HITPOINT WARNING * * *
Rupert burns you!
* * * LOW HITPOINT WARNING * * *
😱 HP[-56] MP[+1]
You now have 126 max hp (-63).
You feel much better. Rupert closely misses you. 😨 HP[+30]
You regained 30 hp, and now have 38/126 hp.
You feel much better.
Rupert hits you with a +7 battleaxe of flaming!
* * * LOW HITPOINT WARNING * * *
Rupert burns you.
* * * LOW HITPOINT WARNING * * *
Rupert hits you with a +7 battleaxe of flaming!!
* * * LOW HITPOINT WARNING * * *
Rupert burns you!
* * * LOW HITPOINT WARNING * * *
😱 HP[-17]
You take 17 damage, and now have 21/126 hp.
You feel much better.
Rupert hits you with a +7 battleaxe of flaming!
* * * LOW HITPOINT WARNING * * *
Rupert burns you.
* * * LOW HITPOINT WARNING * * *
😱 HP[+2]
You regained 2 hp, and now have 23/126 hp.
You can't see any enemies this would affect, really read the scroll of fear?
Okay, then.
As you read the scroll labelled KOCSIV UMORRASS, it crumbles to dust.
It is a scroll of amnesia.
Really abort (and waste the scroll)?
Okay, then.
Rupert completely misses you. Rupert misses you. 😱 HP[+2]
You regained 2 hp, and now have 25/126 hp.
Unknown command.
As you read the scroll labelled OGAMEID JUSSA, it crumbles to dust.
You hear a loud clanging noise!
It was a scroll of noise.
You hear a shout!
Rupert hits you with a +7 battleaxe of flaming!!!
You die...

Skill      XL: |  1  2  3  4  5  6  7  8  9 10 11 12 |
---------------+-------------------------------------+-----
Fighting       | 1 2 3 4 5 7 9 10 | 10.0
Unarmed Combat | 4 5 6 7 9 10 | 10.0
Invocations    | 7 11 13 | 13.0
Dodging        | 4 |  4.5
Spellcasting   | |  1.2
Transmutations | |  1.3

Action                   |  1- 3 |  4- 6 |  7- 9 | 10-12 || total
-------------------------+-------+-------+-------+-------++-------
Melee: Unarmed           |   123 |   130 |   244 |   508 ||  1005
       Punch             |     2 |     2 |     6 |    28 ||    38
       Kick              |     1 |     2 |    29 |     4 ||    36
       Headbutt          |       |     1 |    15 |     2 ||    18
 Cast: Beastly Appendage |     1 |     1 |    12 |     2 ||    16
       Wereblood         |       |       |     3 |    13 ||    16
Invok: Bend Time         |       |       |       |     4 ||     4
       Temporal Distorti |       |       |       |     4 ||     4
Evoke: Wand              |       |       |     1 |       ||     1
  Use: Scroll            |     2 |     3 |     6 |     7 ||    18
       Potion            |       |     1 |     1 |     9 ||    11
Armor: Robe              |    43 |    44 |    30 |       ||   117
       Skin              |       |     3 |    14 |     1 ||    18
       Acid dragon scale |       |       |    33 |    24 ||    57
       Troll leather arm |       |       |       |   100 ||   100
Dodge: Dodged            |    60 |    55 |   134 |   595 ||   844

Levels and vault maps discovered:
D:1:      dpeg_arrival_rooms_with_view, layout_basic
D:2:      layout_basic, basic_altar, kennysheep_small_spiral
D:3:      layout_basic, uniq_sigmund, uniq_robin, uniq_pargi, uniq_natasha
D:4:      kennysheep_big_flooded_room, layout_cave_pools,
          grunt_temple_overflow_forces_of_nature,
          nicolae_hepliaklqana_monster_ancestors, temple_green,
          portal_sewer_entry_c, chequers_serial_rivers_large_b
D:5:      minmay_thinvault, layout_rooms, mainiacjoe_overflow_alcove_4
D:6:      layout_gridville, ebering_ghost_rock_garden
D:7:      layout_cave_pods, serial_shops, nicolae_shop_overgrown_old_shop,
          serial_park_tiny_pond, uniq_prince_ribbit1
D:8:      layout_layer_cave, elyvilon_altar_1, uniq_amaemon
D:9:      layout_roguey, kennysheep_mini, gammafunk_ghost_spectres,
          minmay_statues_item, kennysheep_small_square, uniq_joseph, uniq_harold
D:10:     minmay_polygon_palace, layout_rooms,
          grunt_temple_overflow_lords_of_destruction,
          mainiacjoe_overflow_tiny_flanked, gammafunk_temple_overflow_wave
D:11:     cheibrodos_grave_circle, layout_stronghold, david_lair_shrubbed,
          chequers_serial_rivers_micro_e, introduction_to_nature_2, uniq_snorg
D:12:     layout_basic, kennysheep_orc_monster_closet_entryway,
          gammafunk_ghost_ooze, minmay_fractal_squares_5, uniq_rupert,
          uniq_lodul, uniq_psyche
Temple:   grunt_temple_mini_profane

Notes
Turn   | Place    | Note
-------+----------+-------------------------------------------
     0 | D:1      | ytrimaz the Troll Transmuter began the quest for the Orb.
     0 | D:1      | Reached XP level 1. HP: 18/18 MP: 1/1
     0 | D:1      | magus.rc [v1.9.6]
    40 | D:1      | Reached skill level 1 in Fighting
   124 | D:1      | Reached XP level 2. HP: 27/27 MP: 2/2
   698 | D:1      | Reached XP level 3. HP: 35/35 MP: 3/3
   839 | D:2      | You pick up a book of Conjurations and begin reading...
   839 | D:2      | You add the spells Magic Dart, Searing Ray and Fulminant
                  | Prism to your library.
   910 | D:2      | Learned a level 2 spell: Wereblood
   982 | D:2      | You pick up a book of Frost and begin reading...
   982 | D:2      | You add the spells Freeze, Frozen Ramparts and Hailstorm to
                  | your library.
  1035 | D:2      | Reached skill level 2 in Fighting
  1082 | D:2      | Found a radiant altar of Vehumet.
  1112 | D:2      | Reached skill level 4 in Unarmed Combat
  1783 | D:3      | Reached XP level 4. HP: 41/42 MP: 4/4
  1968 | D:3      | Noticed Sigmund
  1978 | D:3      | Killed Sigmund
  1979 | D:3      | Reached skill level 3 in Fighting
  1979 | D:3      | Reached skill level 5 in Unarmed Combat
  1979 | D:3      | Reached XP level 5. HP: 53/53 MP: 5/5
  2088 | D:3      | Noticed Natasha
  2103 | D:3      | Killed Natasha
  2104 | D:3      | Reached XP level 6. HP: 27/61 MP: 6/6
  2121 | D:3      | Noticed Natasha
  2130 | D:3      | Killed Natasha
  2165 | D:3      | Noticed Natasha
  2170 | D:3      | Killed Natasha
  2235 | D:3      | Noticed Robin
  2244 | D:3      | Killed Robin
  2310 | D:3      | Noticed Pargi
  2316 | D:3      | Killed Pargi
  2317 | D:3      | Reached skill level 4 in Fighting
  2524 | D:4      | Reached skill level 6 in Unarmed Combat
  2540 | D:4      | Found a glowing drain.
  2552 | Sewer    | Entered a sewer
  2563 | Sewer    | Reached XP level 7. HP: 62/70 MP: 7/7
  2662 | Sewer    | Found a glowing silver altar of Zin.
  2736 | D:4      | Found a stormy altar of Qazlal.
  2739 | D:4      | Found a blossoming altar of Fedhas.
  3002 | D:4      | Found a staircase to the Ecumenical Temple.
  3011 | Temple   | Entered the Ecumenical Temple
  3219 | Temple   | Became a worshipper of Cheibriados the Contemplative
  3391 | D:4      | Identified a scroll of acquirement
  3401 | D:4      | Found a hazy altar of Hepliaklqana.
  3541 | D:4      | Acquired an amulet of faith
  3563 | D:5      | Entered Level 5 of the Dungeon
  3589 | D:5      | Found a glowing golden altar of the Shining One.
  3680 | D:5      | Reached skill level 5 in Fighting
  3848 | D:5      | Reached skill level 7 in Unarmed Combat
  3910 | D:5      | Reached * piety under Cheibriados
  3911 | D:5      | Reached XP level 8. HP: 81/81 MP: 5/8
  4026 | D:5      | Reached skill level 6 in Fighting
  4032 | D:5      | HP: 18/82 [necrophage (7)]
  4036 | D:5      | Reached skill level 8 in Unarmed Combat
  4172 | D:5      | Reached ** piety under Cheibriados
  4211 | D:5      | You pick up a book of Touch and begin reading...
  4211 | D:5      | You add the spells Kiss of Death, Confusing Touch and
                  | Dispel Undead to your library.
  4708 | D:6      | You fall into a shaft and drop 2 floors!
  4863 | D:8      | Noticed a two-headed ogre
  4872 | D:8      | Killed a two-headed ogre
  4873 | D:8      | Reached skill level 7 in Fighting
  4873 | D:8      | Reached skill level 9 in Unarmed Combat
  4873 | D:8      | Reached XP level 9. HP: 68/93 MP: 5/9
  4999 | D:8      | Noticed Amaemon
  4999 | D:8      | Noticed an orange demon
  5009 | D:8      | Killed Amaemon
  5013 | D:8      | Killed an orange demon
  5014 | D:8      | Reached skill level 8 in Fighting
  5014 | D:8      | Reached skill level 10 in Unarmed Combat
  5078 | D:8      | Reached *** piety under Cheibriados
  5236 | D:7      | Reached skill level 9 in Fighting
  5574 | D:7      | Found Lepnam's Antique Armour Emporium.
  5623 | D:7      | Reached XP level 10. HP: 95/107 MP: 10/10
  5700 | D:6      | Found a runed translucent gate.
  5700 | D:6      | Found a runed translucent gate.
  5700 | D:6      | Found a runed translucent gate.
  5709 | D:6      | Noticed porpoise's ghost (novice OpEn)
  5717 | D:6      | You pick up a book of Hexes and begin reading...
  5717 | D:6      | You add the spells Inner Flame, Cause Fear and Discord to
                  | your library.
  6115 | D:6      | Identified the +1 helmet of Uskayaw {Will+}
  6504 | D:7      | Reached skill level 1 in Invocations
  6507 | D:7      | Reached **** piety under Cheibriados
  6525 | D:7      | Noticed Prince Ribbit
  6536 | D:7      | Killed Prince Ribbit
  7332 | D:8      | Found a white marble altar of Elyvilon.
  7798 | D:9      | Noticed Harold
  7808 | D:9      | Killed Harold
  7809 | D:9      | Reached skill level 2 in Invocations
  7901 | D:9      | Noticed Joseph
  7907 | D:9      | Killed Joseph
  7908 | D:9      | Reached skill level 10 in Fighting
  7908 | D:9      | Reached skill level 3 in Invocations
  7973 | D:9      | Reached skill level 4 in Invocations
  7989 | D:9      | Reached skill level 5 in Invocations
  8192 | D:9      | Reached skill level 6 in Invocations
  8269 | D:9      | Found an ancient bone altar of Kikubaaqudgha.
  8311 | D:9      | Reached skill level 7 in Invocations
  8343 | D:9      | Reached XP level 11. HP: 117/117 MP: 13/15
  8353 | D:9      | Reached ***** piety under Cheibriados
  8418 | D:9      | Found a runed translucent gate.
  8418 | D:9      | Found a runed translucent gate.
  8419 | D:9      | Found a runed translucent gate.
  8422 | D:9      | Noticed IdlyInterested's ghost (novice AtBr)
  8606 | D:10     | Entered Level 10 of the Dungeon
  8743 | D:10     | Reached skill level 8 in Invocations
  8779 | D:10     | Noticed a two-headed ogre
  8787 | D:10     | Killed a two-headed ogre
  8800 | D:10     | Reached skill level 9 in Invocations
  8856 | D:10     | Noticed a centaur warrior
  8865 | D:10     | Killed a centaur warrior
  8948 | D:10     | Reached skill level 10 in Invocations
  9130 | D:10     | Found a burning altar of Makhleb.
  9131 | D:10     | Found a radiant altar of Vehumet.
  9200 | D:10     | Noticed a two-headed ogre
  9205 | D:10     | Killed a two-headed ogre
  9219 | D:10     | Found an iron altar of Okawaru.
  9219 | D:10     | Found a glowing silver altar of Zin.
  9302 | D:10     | Found a sparkling altar of Nemelex Xobeh.
  9406 | D:11     | Found a staircase to the Lair.
  9449 | D:11     | Noticed a purple ugly thing
  9458 | D:11     | Killed a purple ugly thing
  9485 | D:11     | Noticed Snorg
  9505 | D:11     | Killed Snorg
  9506 | D:11     | Reached skill level 11 in Invocations
  9547 | D:11     | Reached XP level 12. HP: 97/126 MP: 19/19
  9852 | D:11     | Reached skill level 12 in Invocations
  9860 | D:11     | You add the spells Sting, Poisonous Vapours and Olgreb's
                  | Toxic Radiance to your library.
  9897 | D:11     | Reached ****** piety under Cheibriados
 10378 | D:11     | Noticed a two-headed ogre
 10385 | D:11     | Killed a two-headed ogre
 10671 | D:12     | Noticed a boulder beetle
 10682 | D:12     | Reached skill level 2 in Dodging
 10694 | D:12     | HP: 29/126 [boulder beetle (16)]
 10699 | D:12     | Killed a boulder beetle
 10731 | D:12     | Reached skill level 13 in Invocations
 10733 | D:12     | Reached skill level 3 in Dodging
 10880 | D:12     | Found a staircase to the Orcish Mines.
 10901 | D:12     | Reached skill level 4 in Dodging
 10944 | D:12     | Noticed Rupert
 10952 | D:12     | HP: 16/126 [Rupert/+7 battleaxe of flaming (29)]
 10957 | D:12     | Mangled by Rupert

Vanquished Creatures
  Snorg (D:11)
  Harold (D:9)
  A centaur warrior (D:10)
  4 two-headed ogres
  A boulder beetle (D:12)
  Amaemon (D:8)
  2 ugly things (D:11)
  A manticore (D:12)
  Joseph (D:9)
  2 centaur zombies (D:11)
  A centaur skeleton (D:11)
  An orange demon (D:8)
  A gargoyle (D:10)
  2 kobold demonologists
  A komodo dragon (D:11)
  2 hellwings (D:11)
  2 trolls
  4 hornets
  Prince Ribbit (D:7)
  A meliai zombie (D:11)
  Sigmund (D:3)
  2 wraiths
  A wyvern (D:10)
  22 yaks
  8 vampire mosquitoes (D:12)
  2 steam dragons (D:10)
  An acid dragon (D:8)
  2 water moccasins (D:11)
  5 orc warriors
  Pargi (D:3)
  A sky beast (D:7)
  5 ogres
  6 centaurs
  6 kobold brigands
  3 necrophages (D:5)
  5 gnoll sergeants
  2 scorpions
  15 wights
  6 killer bees
  5 howler monkeys
  A crimson imp (D:10)
  5 hounds
  5 jellies (D:5)
  5 orc priests
  A gnoll bouda (D:9)
  5 iguanas
  Natasha (thrice) (D:3)
  A boggart zombie (D:11)
  6 orc wizards
  Robin (D:3)
  31 gnolls
  2 river rats
  10 adders
  5 shadow imps
  A white imp (D:7)
  An ufetubus (D:6)
  33 orcs
  16 ball pythons
  10 endoplasms
  3 giant cockroaches
  9 hobgoblins
  12 jackals
  5 quokkas
  5 bats
  A frilled lizard (D:2)
  16 goblins
  13 kobolds
  7 rats
  A spectral kobold (D:4)
344 creatures vanquished.

Vanquished Creatures (others)
  An orc wizard (D:10)
  A bush (D:11)
  2 fungi (D:4)
  10 plants
  6 withered plants (D:11)
20 creatures vanquished.

Grand Total: 364 creatures vanquished

Table legend:
 A = Non-vault XP
 B = Vault XP
 C = Vault XP percentage of total XP
 D = Non-vault monster count
 E = Vault monster count
 F = Vault count percentage of total count
                 A         B        C        D         E       F
            +---------+---------+-------+---------+---------+-------
      Total |   14660 |   16236 |  52.6 |     220 |     124 |  36.0
            +---------+---------+-------+---------+---------+-------
        D:1 |      37 |       4 |   9.8 |      21 |       2 |   8.7
        D:2 |      48 |       0 |   0.0 |      16 |       0 |   0.0
        D:3 |     125 |     448 |  78.2 |      18 |      15 |  45.5
        D:4 |     207 |      24 |  10.4 |      14 |       7 |  33.3
        D:5 |     660 |     515 |  43.8 |      27 |      13 |  32.5
        D:6 |     573 |       0 |   0.0 |      10 |       0 |   0.0
        D:7 |     773 |     283 |  26.8 |      17 |       1 |   5.6
        D:8 |    1607 |    1161 |  41.9 |      18 |       2 |  10.0
        D:9 |    3554 |    2029 |  36.3 |      33 |       5 |  13.2
       D:10 |    1982 |    3974 |  66.7 |      19 |      18 |  48.6
       D:11 |    3461 |    4522 |  56.6 |      18 |      31 |  63.3
       D:12 |    1633 |    3160 |  65.9 |       9 |      23 |  71.9
      Sewer |       0 |     116 | 100.0 |       0 |       7 | 100.0
            +---------+---------+-------+---------+---------+-------

Illustrated notes

Table legend:
 A = Kills in this place as a percentage of kills in entire the game.
 B = Kills by you in this place as a percentage of kills by you in the entire game.
 C = Kills by friends in this place as a percentage of kills by friends in the entire game.
 D = Other kills in this place as a percentage of other kills in the entire game.
 E = Experience gained in this place as a percentage of experience gained in the entire game.
 F = Experience gained in this place divided by the number of levels of this place that you have seen.
                   A       B       C       D       E      F
               +-------+-------+-------+-------+-------+----------------------
         Total | 100.0 | 100.0 |   N/A |   N/A | 100.0 | 2206.9
       Dungeon |  98.0 |  98.0 |   N/A |   N/A |  99.6 | 2565.0
         Sewer |   2.0 |   2.0 |   N/A |   N/A |   0.4 | 116.0
               +-------+-------+-------+-------+-------+----------------------

Table legend: (Time is in decaauts)
 A = Elapsed time spent in this place.
 B = Non-inter-level travel time spent in this place.
 C = Inter-level travel time spent in this place.
 D = Time resting spent in this place.
 E = Time spent auto-exploring this place.
 F = Levels seen in this place.
 G = Mean time per level.
                   A        B        C        D        E       F      G
               +--------+--------+--------+--------+--------+-----+--------+
         Total |  14734 |  14377 |    357 |    511 |  11503 |  14 | 1052.4 |
       Dungeon |  14322 |  14010 |    312 |    511 |  11189 |  12 | 1193.5 |
        Temple |    240 |    196 |     44 |      0 |    186 |   1 |  240.0 |
         Sewer |    172 |    172 |      0 |      0 |    127 |   1 |  172.0 |
               +--------+--------+--------+--------+--------+-----+--------+

Top non-repeatable levels by time:
     D:8: 2168 daAuts
    D:11: 2081 daAuts
     D:7: 1730 daAuts
     D:5: 1382 daAuts
    D:10: 1231 daAuts
     D:9: 1195 daAuts
     D:2: 899 daAuts
     D:4: 814 daAuts
     D:1: 786 daAuts
     D:3: 779 daAuts
     D:6: 759 daAuts
    D:12: 493 daAuts
  Temple: 240 daAuts
   Sewer: 172 daAuts
